 Dungeon Crawl Stone Soup version 0.29-a0-271-gd4eb659eea (webtiles) character file.

Game seed: 4449872024778632466

102 CrazyMind the Sneak (level 4, 21/21 HPs)
             Began as a Spriggan Enchanter on Mar 7, 2022.
             Quit the game on level 3 of the Dungeon on Mar 8, 2022.
             The game lasted 00:13:00 (3483 turns).

CrazyMind the Sneak (Spriggan Enchanter)            Turns: 3483, Time: 00:13:01

Health: 21/21      AC:  2    Str:  6    XL:     4   Next: 50%
Magic:  10/10      EV: 17    Int: 16    God:
Gold:   145        SH:  0    Dex: 15    Spells: 1/9 levels left

rFire   . . .      SeeInvis +   a - +1 dagger
rCold   + . .      Faith    .   (no shield)
rNeg    . . .      Spirit   +   r - +0 robe {rC+}
rPois   .          Reflect  .   (helmet restricted)
rElec   .          Harm     .   (no cloak)
rCorr   +          Rampage  .   (gloves unavailable)
Will    .....                   (boots unavailable)
Stlth   +++.......              b - amulet of guardian spirit
HPRegen 0.07/turn               k - ring of resist corrosion
MPRegen 0.12/turn               (no ring)

@: very quick
A: very small, no large weapons, unfitting armour, see invisible, speed 3
a: no special abilities


You were on level 3 of the Dungeon.
You visited 1 branch of the dungeon, and saw 3 of its levels.

You collected 145 gold pieces.

Inventory:

Hand Weapons
 a - a +1 dagger (weapon)
 i - a +0 short sword
Missiles
 e - 50 stones (quivered)
Armour
 r - a +0 robe of cold resistance (worn)
Jewellery
 b - an amulet of guardian spirit (around neck)
 k - a ring of resist corrosion (left hand)
Wands
 p - a wand of digging (5)
Scrolls
 g - a scroll of fog {unknown}
 h - 3 scrolls of enchant armour {unknown}
 l - a scroll of blinking {unknown}
 n - a scroll of teleportation {unknown}
Potions
 c - 2 potions of invisibility
 d - a potion of ambrosia {unknown}
 f - 3 potions of might {unknown}
 j - 2 potions of heal wounds {unknown}
 m - a potion of haste {unknown}
 o - a potion of mutation {unknown}
 q - a potion of degeneration {unknown}


   Skills:
 + Level 1.5 Short Blades
 + Level 0.3 Throwing
 + Level 3.0 Dodging
 + Level 6.1 Stealth
 + Level 3.3 Spellcasting
 + Level 4.7 Hexes


You had one spell level left.
You knew the following spells:

 Your Spells              Type           Power      Damage    Failure   Level
a - Ensorcelled Hibernat  Hex/Ice        20%        N/A       11%         2
b - Confusing Touch       Hex            17%        N/A       8%          3
c - Tukima's Dance        Hex            17%        N/A       8%          3

Your spell library contained the following spells:

 Spells                   Type           Power      Damage    Failure   Level
 Apportation              Tloc           4%         N/A       19%         1
 Sting                    Tmut/Pois      8%         1d3       19%         1
 Dazzling Flash           Conj/Hex       20%        N/A       21%         3
 Poisonous Vapours        Pois/Air       4%         N/A       26%         2
 Olgreb's Toxic Radiance  Pois           2%         N/A       87%         4
 Alistair's Intoxication  Tmut/Pois      1%         N/A       99%         5


Dungeon Overview and Level Annotations

Branches:
Dungeon (3/15)

Altars:
Trog

Shops:
D:3 *


Innate Abilities, Weirdness & Mutations

You are very small and have problems with some larger weapons.
You are too small for most types of armour.
You have supernaturally acute eyesight. (SInv)
You cover ground extremely quickly. (Speed+++)


Message History

Casting: Ensorcelled Hibernation (safe; 11% risk of failure)
Confirm with . or Enter, or press ? or * to list all spells.
Aiming: Ensorcelled Hibernation (safe; 11% risk of failure)
Press: ? - help, Shift-Dir - straight line, f/p - ball python
Aim: a ball python (constricting you, chance to affect: 61%)
The ball python looks drowsy...
The ball python loses its grip on you.
The helpless ball python fails to defend itself.
You impale the ball python!!
You kill the ball python!
You start resting.
Magic restored.
b - an amulet of guardian spirit
k - a ring of resist corrosion (left hand)
Okay, then.
You start putting on your amulet.
You continue putting on your amulet of guardian spirit. x5
You finish putting on your amulet of guardian spirit.
You feel your power drawn to a protective spirit.
b - an amulet of guardian spirit (around neck)
An adder comes into view.
The adder hisses angrily.
The adder misses you.
Casting: Ensorcelled Hibernation (safe; 11% risk of failure)
Confirm with . or Enter, or press ? or * to list all spells.
Aiming: Ensorcelled Hibernation (safe; 11% risk of failure)
Press: ? - help, Shift-Dir - straight line, f - adder
Aim: an adder (chance to affect: 51%)
The adder looks drowsy...
The helpless adder fails to defend itself.
You impale the adder!!
You kill the adder!
You start resting.
Magic restored.
Save game and exit?
Welcome back, CrazyMind the Spriggan Enchanter.
Press ? for a list of commands and other information.
A kobold comes into view. It is wielding a +0 whip.
Unknown command.
Unknown command.
Are you sure you want to abandon this character and quit the game? (Confirm with "yes".)

###.#....#..
................ ..
##..#........... ...#
......>......... #..# .###
##.#..........K. .... ...
................ ..##.#
...†....r....... .....#
##.#..#....##.#.###.##.###
##.#............@........#
##.#........#.#.###.##†###
##.#.....................#
##.#................##.###
................###.##.#
#...................##.#
#......#.#..#..####.##.#
..................#.##.#
....#..#.#..#..####.##.#


You could see a kobold (asleep).

Vanquished Creatures
  Ijyb (D:3)
  3 adders (D:3)
  4 ball pythons
  A bat (D:3)
  5 endoplasms
  3 giant cockroaches
  8 goblins
  3 hobgoblins
  2 jackals (D:3)
  3 kobolds
  3 quokkas
  2 frilled lizards (D:3)
  6 rats
44 creatures vanquished.

Notes
Turn   | Place    | Note
-------+----------+-------------------------------------------
     0 | D:1      | CrazyMind the Spriggan Enchanter began the quest for the
                  | Orb.
     0 | D:1      | Reached XP level 1. HP: 9/9 MP: 5/5
     0 | D:1      | Noticed an ice dragon
     2 | D:1      | Noticed an ice dragon
     4 | D:1      | Noticed a shadow dragon
     5 | D:1      | Noticed an ice dragon
     7 | D:1      | Noticed a white draconian
     8 | D:1      | Noticed an orb of fire
     9 | D:1      | Noticed an ice dragon
    11 | D:1      | Noticed a shadow dragon
    13 | D:1      | Noticed an orb of fire
    13 | D:1      | Noticed a shadow dragon
    15 | D:1      | Noticed a large abomination
    17 | D:1      | Noticed a tentacled monstrosity
    17 | D:1      | Noticed a shadow dragon
    19 | D:1      | Noticed a shadow dragon
   569 | D:1      | Reached XP level 2. HP: 13/13 MP: 6/6
   572 | D:1      | Learned a level 2 spell: Ensorcelled Hibernation
   823 | D:1      | Reached skill level 5 in Stealth
  1711 | D:2      | Reached XP level 3. HP: 14/16 MP: 0/8
  1726 | D:2      | Learned a level 3 spell: Confusing Touch
  1957 | D:2      | Found a bloodstained altar of Trog.
  2051 | D:2      | Identified the +6 scale mail of Bitterness {rN+++ Will+
                  | rCorr Dex-2}
  2871 | D:3      | Found Ujemapp's Assorted Antiques.
  3030 | D:3      | Noticed Ijyb
  3039 | D:3      | Killed Ijyb
  3040 | D:3      | Reached skill level 6 in Stealth
  3040 | D:3      | Reached XP level 4. HP: 21/21 MP: 5/10
  3082 | D:3      | Learned a level 3 spell: Tukima's Dance
  3478 | D:3      | Upgraded the game from 0.29-a0-268-g5627465c62 to
                  | 0.29-a0-271-gd4eb659eea
  3483 | D:3      | Quit the game

Illustrated notes

Levels and vault maps discovered:
D:1:      shiori_arrival_whats_in_store_for_you, layout_loops_ring,
          ebering_dispersal_statue_hall
D:2:      layout_basic, basic_altar
D:3:      layout_basic, serial_shops, nicolae_shop_stone, uniq_ijyb

Skill      XL: |  1  2  3 |
---------------+----------+-----
Hexes          | 4 |  4.7
Stealth        | 5 6 |  6.1
Spellcasting   | 3 |  3.3
Dodging        | 3 |  3.0
Short Blades   | |  1.5
Throwing       | |  0.3

Action                   |  1- 3 |  4- 6 || total
-------------------------+-------+-------++-------
Melee: Dagger            |    69 |    14 ||    83
       Punch             |     1 |     1 ||     2
Throw: Stone             |    16 |       ||    16
 Cast: Ensorcelled Hiber |    31 |     6 ||    37
       Confusing Touch   |     1 |       ||     1
 Stab: Sleeping          |    28 |     3 ||    31
Armor: Robe              |     2 |     1 ||     3
Dodge: Dodged            |    40 |    21 ||    61

Table legend: (Time is in decaauts)
 A = Elapsed time spent in this place.
 B = Non-inter-level travel time spent in this place.
 C = Inter-level travel time spent in this place.
 D = Time resting spent in this place.
 E = Time spent auto-exploring this place.
 F = Levels seen in this place.
 G = Mean time per level.
                   A        B        C        D        E       F      G
               +--------+--------+--------+--------+--------+-----+--------+
         Total |   2604 |   2544 |     60 |   1025 |   1063 |   3 |  868.0 |
       Dungeon |   2604 |   2544 |     60 |   1025 |   1063 |   3 |  868.0 |
               +--------+--------+--------+--------+--------+-----+--------+

Top non-repeatable levels by time:
     D:2: 992 daAuts
     D:3: 892 daAuts
     D:1: 719 daAuts
